 Dungeon Crawl Stone Soup version 0.28-a0-1510-gd0f6b136d3 (webtiles) character file.

Game seed: 5426805583462218182

6328 shadowrider38 the Fighter (level 11, -12/85 HPs)
             Began as a Djinni Fire Elementalist on Jan 15, 2022.
             Was a Believer of Makhleb.
             Mangled by an eight-headed hydra (14 damage)
             ... on level 9 of the Dungeon.
             The game lasted 00:23:20 (12885 turns).

shadowrider38 the Fighter (DjFE)                   Turns: 12885, Time: 00:23:20

Health: -12/85     AC:  9    Str:  7    XL:     11   Next: 16%
Gold:   720        EV: 15    Int: 20    God:    Makhleb [**....] SH:  0 Dex: 15

rFire   + + .      SeeInvis .   a - +3 dagger (venom)
rCold   x . .      Faith    .   (no shield)
rNeg    . . .      Spirit   .   B - +2 leather armour {rPois}
rPois   ∞          Reflect  .   (no helmet)
rElec   .          Harm     .   y - +2 cloak
rCorr   .          Rampage  .   j - +0 pair of gloves
Will    +....                   (boots unavailable)
Stlth   ++........              (no amulet)
HPRegen 0.24/turn               (no ring)
MPRegen 0.00/turn               (no ring)

@: flying
A: sickness immunity, fire resistance 2, cold vulnerability 1, float, innate
caster, hp casting, extra vitality 1
a: Renounce Religion, Minor Destruction


You were on level 9 of the Dungeon.
You worshipped Makhleb.
Makhleb was pleased with you.
You visited 2 branches of the dungeon, and saw 10 of its levels.

You collected 720 gold pieces.

Inventory:

Hand Weapons
 a - a +3 dagger of venom (weapon)
 A - a +4 flail of freezing
Missiles
 b - 3 atropa-tipped darts
 m - 15 boomerangs
 n - 157 stones
 s - 5 poisoned darts
Armour
 j - a +0 pair of gloves (worn)
 y - a +2 cloak (worn)
 B - a +2 leather armour of poison resistance (worn)
 D - the +2 scale mail of Pride {Str+2}
   (You found it on level 6 of the Dungeon)

   Str:       It affects your strength (+2).
 E - a +0 troll leather armour
Jewellery
 F - a ring of ice
Wands
 I - a wand of iceblast (7)
Scrolls
 c - 2 scrolls of torment {unknown}
 d - 2 scrolls of teleportation {unknown}
 h - a scroll of enchant weapon
 o - 2 scrolls of fear {unknown}
 p - a scroll of enchant armour {unknown}
 r - a scroll of holy word {unknown}
 u - 2 scrolls of magic mapping {unknown}
 v - 2 scrolls of acquirement {unknown}
 x - a scroll of blinking {unknown}
 z - 2 scrolls of immolation {unknown}
 C - 2 scrolls of summoning {unknown}
 H - a scroll of vulnerability {unknown}
Potions
 e - 2 potions of curing
 f - 2 potions of brilliance
 g - 4 potions of heal wounds {unknown}
 i - 2 potions of lignification
 k - 3 potions of might {unknown}
 l - a potion of mutation
 q - a potion of magic {unknown}
 t - a potion of invisibility {unknown}
 w - a potion of resistance
 G - a potion of cancellation {unknown}
 J - a potion of attraction {unknown}


   Skills:
 - Level 10.0 Fighting
 - Level 8.0 Dodging
 - Level 2.0 Stealth
 + Level 9.3 Spellcasting
 - Level 5.0 Invocations


You had one spell level left.
You knew the following spells:

 Your Spells              Type           Power      Damage    Failure   Level
a - Foxfire               Conj/Fire      100%       2x1d9     1%          1
b - Scorch                Fire           92%        2d9       1%          2
c - Conjure Flame         Conj/Fire      46%        6-21      1%          3
d - Inner Flame           Hex/Fire       46%        N/A       1%          3
e - Flame Wave            Conj/Fire      46%        2d8       2%          4
f - Summon Small Mammal   Summ           100%       N/A       1%          1
g - Corpse Rot            Necr/Air       92%        N/A       1%          2
h - Tukima's Dance        Hex            46%        N/A       1%          3
i - Hailstorm             Conj/Ice       46%        3d11      2%          4
j - Dispel Undead         Necr           46%        3d18      2%          4
Your spell library was empty.

Dungeon Overview and Level Annotations

Branches:
Dungeon (9/15)             Temple (1/1) D:4             Orc (0/2) D:9
   Lair: D:8-11

Altars:
Ashenzari
Cheibriados
Dithmenos
Elyvilon
Fedhas
Gozag
Hepliaklqana
Kikubaaqudgha
Makhleb
Nemelex Xobeh
Okawaru
Qazlal
Ru
Sif Muna
Trog
Uskayaw
Vehumet
Wu Jian
Yredelemnul
Zin
The Shining One

Annotations:
D:7 2 transporters, murtidash's ghost, novice DjWz


Innate Abilities, Weirdness & Mutations

You are immune to sickness and miasma.
You are immune to poison.
Your flesh is very heat resistant. (rF++)
You are vulnerable to cold. (rC-)
You float through the air rather than walking.
You learn spells naturally, not from books.
Your magical power is your life essence.
You have superior vitality. (+4 MHP)


Message History

The centaur zombie closely misses you.
The centaur zombie completely misses you.
You hit the centaur zombie.
You destroy the centaur zombie!
Makhleb accepts your kill.
Unknown command.
Casting: Hailstorm (dangerous; 2% risk of failure)
Confirm with . or Enter, or press ? or * to list all spells.
You conjure some foxfire!
A cannonade of hail descends around you!
The hail pelts the eight-headed hydra!!
The eight-headed hydra is moderately wounded.
The foxfire hits the eight-headed hydra.
The eight-headed hydra is heavily wounded.
The foxfire hits the eight-headed hydra.
The eight-headed hydra is heavily wounded.
A cannonade of hail descends around you!
The hail pelts the eight-headed hydra!!
The eight-headed hydra is almost dead.
Unknown command.
You barely miss the eight-headed hydra.
The eight-headed hydra is almost dead.
The eight-headed hydra bites you. The eight-headed hydra bites you!
The eight-headed hydra barely misses you.
The eight-headed hydra closely misses you.
The eight-headed hydra bites you but does no damage.
The eight-headed hydra bites you! The eight-headed hydra misses you.
The eight-headed hydra bites you!
Unknown command.
The eight-headed hydra closely misses you.
The eight-headed hydra bites you!
* * * LOW HITPOINT WARNING * * *
The eight-headed hydra bites you but does no damage.
The eight-headed hydra bites you!
* * * LOW HITPOINT WARNING * * *
The eight-headed hydra bites you.
* * * LOW HITPOINT WARNING * * *
The eight-headed hydra bites you but does no damage.
The eight-headed hydra bites you!
You die...

#....# #..#..# ##.#.#
#.....# #.#.# #.#...#
#.#.### #.#...# #)#...#
#.##..# # #[#.#.###
#.##..# ... #.......#
#.##..#
###.######.#.#######.##..#
.......<.@...............#
###'##..D##..........###..
#...........######### #..
#......#............###..
#......#.########........
######......#.# #.#.####.
.....'........#
######.#.#####
.#######.......##
#........##...
...............#
#........##.##


You could see an eight-headed hydra.

Vanquished Creatures
  A komodo dragon (D:9)
  Maggie (D:9)
  A troll (D:7)
  A slime creature (D:7)
  A wyvern (D:4)
  11 yaks
  Eustachio (D:6)
  A dancing weapon (D:9)
  A vampire mosquito (D:7)
  2 water moccasins
  2 sky beasts
  5 orc warriors
  An ogre (D:5)
  4 necrophages
  A phantom (D:6)
  A gnoll sergeant (D:5)
  4 bullfrogs
  4 scorpions
  A wyvern skeleton (D:5)
  A water moccasin zombie (D:6)
  A killer bee (D:9)
  4 wights
  A howler monkey (D:8)
  2 hounds
  A centaur skeleton (D:5)
  2 centaur zombies (D:9)
  A jelly (D:7)
  7 orc priests
  9 orc wizards
  An iguana (D:4)
  A hound skeleton (D:5)
  A howler monkey zombie (D:7)
  8 gnolls
  9 adders
  A howler monkey skeleton (D:7)
  2 ufetubi
  A worm (D:2)
  A dart slug (D:3)
  24 orcs
  6 bats
  4 endoplasms
  A giant cockroach (D:1)
  9 hobgoblins
  4 jackals (D:1)
  10 kobolds
  2 quokkas
  5 ball pythons
  5 frilled lizards
  10 goblins
  12 rats
190 creatures vanquished.

Vanquished Creatures (others)
  A troll (D:9)
  2 killer bees (D:9)
  A howler monkey (D:9)
  A gnoll shaman (D:9)
  232 foxfires
  17 fungi (D:9)
  21 plants (D:9)
275 creatures vanquished.

Grand Total: 465 creatures vanquished

Notes
Turn   | Place    | Note
-------+----------+-------------------------------------------
     0 | D:1      | shadowrider38 the Djinni Fire Elementalist began the quest
                  | for the Orb.
     0 | D:1      | Reached XP level 1. HP: 15/15 MP: 0/0
   310 | D:1      | Reached XP level 2. HP: 18/22 MP: 0/0
   311 | D:1      | Reached skill level 1 in Fighting
   876 | D:1      | Reached skill level 2 in Fighting
   876 | D:1      | Reached XP level 3. HP: 27/28 MP: 0/0
   876 | D:1      | Learned a level 1 spell: Summon Small Mammal
  1623 | D:2      | Reached skill level 3 in Fighting
  1623 | D:2      | Reached XP level 4. HP: 32/35 MP: 0/0
  2667 | D:3      | Found a faded altar of an unknown god.
  2668 | D:3      | Noticed a sky beast
  2679 | D:3      | Killed a sky beast
  2680 | D:3      | Reached skill level 4 in Fighting
  2680 | D:3      | Reached XP level 5. HP: 34/41 MP: 0/0
  2680 | D:3      | Learned a level 2 spell: Corpse Rot
  3173 | D:3      | Reached XP level 6. HP: 47/47 MP: 0/0
  3800 | D:4      | Noticed a necrophage
  3839 | D:4      | Reached skill level 7 in Fighting
  3839 | D:4      | Reached XP level 7. HP: 58/58 MP: 0/0
  3839 | D:4      | Learned a level 3 spell: Tukima's Dance
  3851 | D:4      | Found a staircase to the Ecumenical Temple.
  3859 | D:4      | Noticed a wyvern
  3870 | D:4      | Killed a wyvern
  4063 | Temple   | Entered the Ecumenical Temple
  4243 | Temple   | Became a worshipper of Makhleb the Destroyer
  4508 | D:4      | Reached skill level 8 in Fighting
  4950 | D:4      | Reached XP level 8. HP: 59/65 MP: 0/0
  5746 | D:5      | Entered Level 5 of the Dungeon
  6638 | D:5      | Reached skill level 1 in Invocations
  7334 | D:5      | Reached XP level 9. HP: 67/70 MP: 0/0
  7334 | D:5      | Learned a level 4 spell: Hailstorm
  7391 | D:6      | Noticed Eustachio
  7410 | D:6      | Killed Eustachio
  7410 | D:6      | Reached * piety under Makhleb
  8247 | D:6      | Identified the +2 scale mail of Pride {Str+2}
  8643 | D:7      | Noticed a troll
  8671 | D:7      | Killed a troll
  8672 | D:7      | Reached skill level 5 in Invocations
  8814 | D:7      | Noticed a slime creature
  8852 | D:7      | Killed a slime creature
  8937 | D:7      | Reached XP level 10. HP: 66/77 MP: 0/0
  9262 | D:7      | Found a transporter.
  9288 | D:7      | Reached skill level 9 in Fighting
  9631 | D:7      | Noticed murtidash's ghost (novice DjWz)
  9644 | D:7      | Noticed a two-headed ogre
  9650 | D:7      | Noticed a boulder beetle
  9658 | D:7      | Found a transporter.
  9658 | D:7      | Noticed a boulder beetle
 10528 | D:7      | Reached ** piety under Makhleb
 10744 | D:8      | Reached skill level 10 in Fighting
 11632 | D:9      | Noticed Maggie
 11641 | D:9      | Killed Maggie
 12082 | D:9      | Noticed a komodo dragon
 12098 | D:9      | Killed a komodo dragon
 12359 | D:9      | Reached XP level 11. HP: 36/85 MP: 0/0
 12359 | D:9      | Learned a level 4 spell: Dispel Undead
 12657 | D:9      | Found a staircase to the Orcish Mines.
 12868 | D:9      | Noticed an eight-headed hydra
 12885 | D:9      | HP: 2/85 [eight-headed hydra (4)]
 12885 | D:9      | Mangled by an eight-headed hydra

Illustrated notes

Levels and vault maps discovered:
D:1:      doesnt_arrival_eight_statues, layout_loops_corners
D:2:      layout_loops_ring, small_statue_intersection
D:3:      layout_basic, basic_ecumenical_altar
D:4:      layout_loops_ring, minmay_temple_entry_ruins,
          grunt_decor_mini_mirrors, kennysheep_generic_room_3
D:5:      layout_basic
D:6:      layout_basic, uniq_eustachio
D:7:      layout_loops_corners, nzn_ghost_randoct, kb_rosetta
D:8:      minmay_goldmine, layout_basic
D:9:      layout_basic, xom_confusion_cloud, grunt_lair_entry_orc_guard_hut,
          david_orc_3, uniq_maggie
Temple:   mainiacjoe_temple_archimedes_tessellation

Skill      XL: |  1  2  3  4  5  6  7  8  9 10 11 |
---------------+----------------------------------+-----
Stealth        | 2 |  2.0
Fighting       | 2 3 4 7 8 10 | 10.0
Spellcasting   | 3 7 8 9 |  9.3
Dodging        | 7 8 |  8.0
Invocations    | 2 5 |  5.0

Action                   |  1- 3 |  4- 6 |  7- 9 | 10-12 || total
-------------------------+-------+-------+-------+-------++-------
Melee: Dagger            |    11 |    42 |    27 |   101 ||   181
       Punch             |       |       |     1 |     4 ||     5
 Cast: Foxfire           |    40 |    54 |    28 |    10 ||   132
       Scorch            |       |       |    86 |    14 ||   100
       Tukima's Dance    |       |       |     3 |     4 ||     7
       Hailstorm         |       |       |    20 |    70 ||    90
  Use: Scroll            |     1 |     4 |     2 |     3 ||    10
       Potion            |       |     1 |       |       ||     1
 Stab: Sleeping          |       |     1 |       |     1 ||     2
Armor: Robe              |    10 |     7 |     6 |       ||    23
       Leather armour    |       |       |     8 |    74 ||    82
Dodge: Dodged            |    18 |    30 |    38 |   117 ||   203

Table legend: (Time is in decaauts)
 A = Elapsed time spent in this place.
 B = Non-inter-level travel time spent in this place.
 C = Inter-level travel time spent in this place.
 D = Time resting spent in this place.
 E = Time spent auto-exploring this place.
 F = Levels seen in this place.
 G = Mean time per level.
                   A        B        C        D        E       F      G
               +--------+--------+--------+--------+--------+-----+--------+
         Total |  12892 |  12164 |    728 |   4258 |   6075 |  10 | 1289.2 |
       Dungeon |  12653 |  11987 |    666 |   4258 |   5921 |   9 | 1405.9 |
        Temple |    238 |    176 |     62 |      0 |    154 |   1 |  238.0 |
               +--------+--------+--------+--------+--------+-----+--------+

Top non-repeatable levels by time:
     D:3: 1754 daAuts
     D:5: 1657 daAuts
     D:1: 1615 daAuts
     D:7: 1589 daAuts
     D:6: 1398 daAuts
     D:9: 1262 daAuts
     D:8: 1232 daAuts
     D:4: 1206 daAuts
     D:2: 935 daAuts
  Temple: 238 daAuts
